 Dungeon Crawl Stone Soup version 0.30.0-15-g856e2d3f33 (webtiles) character file.

Game seed: 5177380623326997934

24633 qw the Cleaver (level 13, -3/82 HPs)
             Began as a Gargoyle Fighter on May 19, 2023.
             Was a High Priest of Okawaru.
             Slain by Rupert
             ... wielding a +2 heavy great sword
              (25 damage)
             ... on level 4 of the Lair of Beasts.
             The game lasted 00:05:38 (11715 turns).

qw the Cleaver (Gargoyle Fighter)                  Turns: 11715, Time: 00:05:38

Health: -3/82      AC: 27    Str: 24    XL:     13   Next: 14%
Magic:  14/20      EV:  9    Int: 10    God:    Okawaru [*****.]
Gold:   568        SH: 19    Dex:  9    Spells: 12/12 levels left

rFire   . . .        f - +2 war axe (spect)
rCold   + . .        k - +2 kite shield {rC+}
rNeg    + + .        i - +0 plate armour
rPois   inf          j - +0 helmet
rElec   +            (no cloak)
rCorr   .            (no gloves)
SInv    .            (no boots)
Will    .....        m - amulet of reflection Stlth
                     b - ring of positive energy
HPRegen 0.33/turn    (no ring)
MPRegen 0.17/turn

%: reflection
@: heroic, finesse-ful
A: sickness immunity, AC +9, negative energy resistance 1, electricity
resistance, torment resistance 1, petrification resistance, wild magic 1,
MP-powered wands, noise suppression
a: Renounce Religion, Heroism, Finesse, Duel


You were on level 4 of the Lair of Beasts.
You worshipped Okawaru.
Okawaru was extremely pleased with you.
You visited 2 branches of the dungeon, and saw 13 of its levels.

You collected 743 gold pieces.
You spent 175 gold pieces at shops.


Innate Abilities, Weirdness & Mutations

You are immune to sickness and miasma.
Your stone body is resilient. (AC +9)
You are immune to poison.
You resist negative energy. (rN+)
You are resistant to electric shocks. (rElec)
You are resistant to unholy torment.
You are immune to petrification.
Your spells are a little harder to cast, but a little more powerful.
You expend magic power (3 MP) to strengthen your wands.
You passively dampen the noise of your surroundings.


   Skills:
 - Level 10.0(15.0) Fighting
 + Level 12.3(17.3) Axes
 - Level 3.2(8.2) Throwing
 - Level 8.0(13.0) Armour
 - Level 2.0(7.0) Dodging
 - Level 10.9(15.9) Shields
 - Level 10.0 Invocations


You had 12 spell levels left.
You didn't know any spells.
Your spell library was empty.

Inventory:

Hand Weapons
 f - a +2 spectral war axe (weapon)
 s - a +0 demon whip of venom
Missiles
 p - 11 boomerangs (quivered)
Armour
 i - a +0 plate armour (worn)
 j - a +0 helmet (worn)
 k - a +2 kite shield of cold resistance (worn)
Jewellery
 b - a ring of positive energy (left hand)
 m - an amulet of reflection (around neck)
Wands
 r - a wand of digging (2)
Scrolls
 e - 4 scrolls of identify
 n - 6 scrolls of teleportation
Potions
 a - 2 potions of curing
 c - a potion of mutation
 d - a potion of might
 g - 2 potions of magic
 h - 2 potions of haste
 l - 5 potions of attraction
 o - 2 potions of lignification

Dungeon Overview and Level Annotations

Branches:
Dungeon (8/15)             Temple (0/1) D:4            Lair (5/5) D:8
  Swamp: Lair:2-3    Shoals: Lair:2-3     Snake: Lair:2-3    Spider: Lair:2-3
  Slime: Lair:4-5

Altars:
Ashenzari
Dithmenos
Elyvilon
Gozag
Kikubaaqudgha
Makhleb
Nemelex Xobeh
Okawaru
Qazlal
Uskayaw
Xom
Zin
The Shining One

Shops:
D:6 *

Annotations:
D:3 1 runed translucent door, Crazy Yiuf
D:7 1 transporter
Lair:4 Rupert


Message History

11703 ||| INVOKING Finesse.
You can now deal lightning-fast blows.
You throw a boomerang.
The boomerang closely misses the water moccasin.
You throw a boomerang.
The boomerang barely misses the water moccasin.
The sentinel's mark upon you fades away.
You closely miss the water moccasin.
The water moccasin is heavily wounded.
Your +2 spectral war axe hits the water moccasin.
The water moccasin bites your +2 spectral war axe but does no damage.
You closely miss the water moccasin.
The water moccasin is severely wounded.
Your +2 spectral war axe hits the water moccasin!
Rupert roars madly and goes into a rage!
Rupert goes berserk!
You hit the water moccasin.
The water moccasin is almost dead.
Your +2 spectral war axe hits the water moccasin!
You kill the water moccasin!
Okawaru accepts your kill.
You throw a boomerang. The boomerang hits Rupert!
Rupert is lightly wounded.
Your +2 spectral war axe disappears.
You slice Rupert!!
Rupert is lightly wounded.
Your +2 spectral war axe closely misses Rupert.
Rupert hits you with a +2 heavy great sword!!!
Ouch! That really hurt!
You hit Rupert.
Rupert is moderately wounded.
Your +2 spectral war axe barely misses Rupert.
You completely miss Rupert.
Rupert is moderately wounded.
Your +2 spectral war axe hits Rupert!
You closely miss Rupert.
Rupert is moderately wounded.
Your +2 spectral war axe hits Rupert!!
Rupert hits you with a +2 heavy great sword!!
You die...

... #P..........##
..... ##P.........#
.....# ##.........###
......##...........P#
......PP............#
....................#
.........#####......#
.........## ##......#
. ####..@..#
#......####. #...@(##
####.P...... ##....#
##...)... #....#
###....... ......#
##P##...... .......#
#.....####:
.........P #.....###
.......... ##.......#
.P.#......#
#......### #


You could see Rupert (berserk) and a friendly +2 spectral war axe.

Vanquished Creatures
  2 hydras
  2 two-headed ogres
  6 death yaks (Lair:3)
  Amaemon (Lair:3)
  Pikel (D:7)
  A cyclops (D:8)
  An oklob plant (Lair:3)
  3 black mambas
  A cane toad (Lair:1)
  An orange demon (Lair:3)
  3 elephants (Lair:4)
  A torpor snail (Lair:1)
  3 rime drakes
  3 komodo dragons
  A polar bear (Lair:2)
  9 blink frogs
  11 dream sheep (Lair:5)
  11 yaks
  3 wyverns
  4 basilisks
  A steam dragon (D:6)
  4 water moccasins
  2 orc warriors
  2 sky beasts (D:8)
  2 black bears
  31 wolves
  An ogre (D:6)
  A lemure (D:7)
  2 kobold brigands
  5 bullfrogs
  2 scorpions
  2 gnoll sergeants
  2 water moccasin zombies (D:6)
  5 wights (D:8)
  4 killer bees (D:8)
  An electric eel (D:6)
  7 hounds
  A bullfrog zombie (D:6)
  2 jellies (D:6)
  A bullfrog skeleton (D:6)
  A centaur skeleton (D:6)
  A gnoll bouda (D:7)
  4 iguanas
  2 orc priests
  Terence (D:2)
  Jessica (D:2)
  7 orc wizards
  18 gnolls
  A howler monkey skeleton (D:6)
  10 adders
  A white imp (D:7)
  An ufetubus (D:4)
  2 dart slugs (D:1)
  36 orcs
  7 endoplasms
  4 giant cockroaches
  7 goblins
  10 hobgoblins
  7 jackals (D:3)
  13 kobolds
  3 quokkas
  5 ball pythons
  10 bats
  7 frilled lizards
  8 rats
313 creatures vanquished.

Vanquished Creatures (others)
  2 spectral weapons
2 creatures vanquished.

Grand Total: 315 creatures vanquished

Notes
Turn   | Place    | Note
-------+----------+-------------------------------------------
     0 | D:1      | qw the Gargoyle Fighter began the quest for the Orb.
     0 | D:1      | Reached XP level 1. HP: 14/14 MP: 1/1
     0 | D:1      | 0 ||| qw: Version: 0.2-a-96-g8eb1148
     0 | D:1      | 0 ||| qw: Game counter: 10
     0 | D:1      | 0 ||| qw: Always use a shield: true
     0 | D:1      | 0 ||| qw: God list: Okawaru
     0 | D:1      | 0 ||| qw: Allow faded altars: false
     0 | D:1      | 0 ||| qw: Do Orc after D:15 true
     0 | D:1      | 0 ||| qw: Do second Lair branch before Depths: true
     0 | D:1      | 0 ||| qw: Lair rune preference: random
     0 | D:1      | 0 ||| qw: Plans: Normal, Zot:1-4, God:TSO, Crypt, Tomb,
                  | Pan, Slime:5, Hells, Abyss, Win
     0 | D:1      | 0 ||| PLANNING D:1-11
    72 | D:1      | You fall into a shaft and drop 1 floor!
    82 | D:2      | Reached skill level 2 in Axes
   226 | D:1      | Reached XP level 2. HP: 19/19 MP: 2/2
   350 | D:1      | 350 ||| Stepping ~*~*~tactically~*~*~ (stealth).
   351 | D:1      | 351 ||| Stepping ~*~*~tactically~*~*~ (stealth).
   355 | D:1      | 355 ||| Stepping ~*~*~tactically~*~*~ (stealth).
   391 | D:1      | Reached skill level 3 in Axes
   479 | D:1      | Reached XP level 3. HP: 23/23 MP: 3/3
   743 | D:1      | 743 ||| DROPPING +0 club.
   850 | D:1      | 850 ||| DROPPING amulet of magic regeneration.
   851 | D:1      | 851 ||| DROPPING amulet of faith.
   852 | D:1      | 852 ||| READING scroll labelled NOZUDO SIUH.
   853 | D:1      | 853 ||| READING scroll labelled MUICZOXOMNEP.
   854 | D:1      | 854 ||| READING 2 scrolls labelled ENLUDA FOFUI.
   857 | D:1      | 857 ||| READING scroll labelled DOPEIG LUTRE.
   858 | D:1      | 858 ||| READING scroll labelled SECRARR QYF YMI.
   885 | D:2      | Identified the +6 sling of Frustration {freeze, *Slow
                  | Str+4}
   935 | D:2      | Noticed Jessica
   936 | D:2      | 936 ||| Stepping ~*~*~tactically~*~*~ (hiding).
   949 | D:2      | Killed Jessica
   950 | D:2      | Reached XP level 4. HP: 19/28 MP: 4/4
  1060 | D:2      | Reached skill level 4 in Axes
  1192 | D:2      | Noticed Terence
  1193 | D:2      | 1193 ||| Stepping ~*~*~tactically~*~*~ (hiding).
  1194 | D:2      | 1194 ||| Stepping ~*~*~tactically~*~*~ (hiding).
  1203 | D:2      | Killed Terence
  1250 | D:2      | 1250 ||| DROPPING +0 whip.
  1593 | D:2      | 1593 ||| Stepping ~*~*~tactically~*~*~ (stealth).
  1612 | D:2      | Reached XP level 5. HP: 31/32 MP: 5/5
  1827 | D:2      | 1827 ||| UPGRADING to +0 chain mail.
  1837 | D:2      | 1837 ||| DROPPING +0 scale mail.
  1838 | D:2      | 1838 ||| UPGRADING to amulet of reflection.
  1843 | D:2      | 1843 ||| DRINKING 2 silvery potions.
  1851 | D:2      | 1851 ||| DRINKING 2 fuming blue potions.
  1956 | D:2      | 1956 ||| DROPPING potion of ambrosia.
  1957 | D:2      | 1957 ||| DROPPING potion of berserk rage.
  2031 | D:3      | Reached skill level 5 in Axes
  2164 | D:3      | 2164 ||| DROPPING +3 mace of venom.
  2185 | D:3      | 2185 ||| Stepping ~*~*~tactically~*~*~ (stealth).
  2279 | D:3      | Reached XP level 6. HP: 38/38 MP: 6/6
  2288 | D:3      | 2288 ||| Stepping ~*~*~tactically~*~*~ (stealth).
  2461 | D:3      | Found a hide-covered altar of Uskayaw.
  2585 | D:3      | 2585 ||| Stepping ~*~*~tactically~*~*~ (stealth).
  2722 | D:3      | Found a runed translucent door.
  2723 | D:3      | Noticed Crazy Yiuf
  2899 | D:3      | Found an iron altar of Okawaru.
  2900 | D:3      | 2900 ||| PLANNING OKAWARU WORSHIP
  2900 | D:3      | 2900 ||| UPGRADING to +0 plate armour.
  2910 | D:3      | 2910 ||| DROPPING +0 chain mail.
  2911 | D:3      | 2911 ||| READING scroll labelled QIDOKL SYAJANAIWN.
  2912 | D:3      | 2912 ||| READING scroll labelled KEETUTEUWI.
  2913 | D:3      | 2913 ||| READING scroll labelled WIALIKL KAPI.
  2914 | D:3      | 2914 ||| DRINKING 2 grey potions.
  2915 | D:3      | 2915 ||| DRINKING 3 fuming brown potions.
  2916 | D:3      | 2916 ||| DROPPING potion of magic.
  2924 | D:3      | Became a worshipper of Warmaster Okawaru
  2924 | D:3      | 2924 ||| PLANNING D:1-11
  3072 | D:3      | 3072 ||| UPGRADING to +0 kite shield.
  3082 | D:3      | 3082 ||| DROPPING +0 buckler.
  3126 | D:4      | Noticed a black bear
  3135 | D:4      | Killed a black bear
  3274 | D:4      | Found a staircase to the Ecumenical Temple.
  3280 | D:4      | 3280 ||| READING scroll labelled NEEBUH QATHRARY.
  3282 | D:4      | 3282 ||| Stepping ~*~*~tactically~*~*~ (stealth).
  3332 | D:4      | 3332 ||| Stepping ~*~*~tactically~*~*~ (hiding).
  3444 | D:4      | Reached XP level 7. HP: 40/43 MP: 7/7
  3685 | D:4      | 3685 ||| Stepping ~*~*~tactically~*~*~ (stealth).
  3734 | D:4      | 3734 ||| READING 2 scrolls of identify.
  3734 | D:4      | 3734 ||| IDENTIFYING emerald potion
  3768 | D:5      | Entered Level 5 of the Dungeon
  3784 | D:5      | Reached skill level 6 in Axes
  3810 | D:5      | 3810 ||| Stepping ~*~*~tactically~*~*~ (hiding).
  3820 | D:5      | HP: 6/43 [gnoll sergeant/+2 spear of freezing (6)]
  3821 | D:5      | 3821 ||| READING 3 scrolls of teleportation.
  3823 | D:5      | HP: 2/43 [gnoll sergeant/+2 spear of freezing (1)]
  3826 | D:5      | 3826 ||| READING 2 scrolls of teleportation.
  3978 | D:5      | 3978 ||| Stepping ~*~*~tactically~*~*~ (stealth).
  4003 | D:5      | 4003 ||| DROPPING +0 flail.
  4188 | D:5      | Found a white marble altar of Elyvilon.
  4230 | D:5      | Found a glowing silver altar of Zin.
  4230 | D:5      | Found a glowing golden altar of the Shining One.
  4258 | D:5      | Reached * piety under Okawaru
  4259 | D:5      | Reached skill level 6 in Shields
  5028 | D:5      | 5028 ||| READING scroll labelled YXZYCOBLI.
  5129 | D:5      | 5129 ||| READING scroll labelled MYIN LASOIPAMA.
  5130 | D:5      | 5130 ||| DRINKING 2 bubbling white potions.
  5130 | D:5      | Gained mutation: You expend magic power (3 MP) to
                  | strengthen your wands. [potion of mutation]
  5130 | D:5      | Gained mutation: Your spells are a little harder to cast,
                  | but a little more powerful. [potion of mutation]
  5130 | D:5      | Gained mutation: You passively dampen the noise of your
                  | surroundings. [potion of mutation]
  5131 | D:5      | 5131 ||| DRINKING 2 white potions.
  5132 | D:5      | 5132 ||| READING 2 scrolls of identify.
  5132 | D:5      | 5132 ||| IDENTIFYING yellow potion
  5133 | D:5      | 5133 ||| DROPPING potion of invisibility.
  5134 | D:5      | 5134 ||| DROPPING potion of flight.
  5221 | D:6      | Found Ycam's Assorted Antiques.
  5235 | D:6      | 5235 ||| BUYING ivory wand (100 gold).
  5235 | D:6      | Bought an ivory wand for 100 gold pieces
  5235 | D:6      | 5235 ||| BUYING scroll labelled CUBAJU ZUHAW (25 gold).
  5235 | D:6      | Bought a scroll labelled CUBAJU ZUHAW for 25 gold pieces
  5235 | D:6      | 5235 ||| BUYING scroll labelled ETINNA RAFUUH (25 gold).
  5235 | D:6      | Bought a scroll labelled ETINNA RAFUUH for 25 gold pieces
  5235 | D:6      | 5235 ||| BUYING scroll labelled FIWUGU KISCH (25 gold).
  5235 | D:6      | Bought a scroll labelled FIWUGU KISCH for 25 gold pieces
  5235 | D:6      | 5235 ||| SHOPLISTING shiny chain mail (187 gold, have 87).
  5272 | D:6      | Reached skill level 1 in Invocations
  5272 | D:6      | Reached XP level 8. HP: 45/48 MP: 8/8
  5289 | D:6      | Found a shadowy altar of Dithmenos.
  5305 | D:6      | 5305 ||| INVOKING Heroism.
  5389 | D:6      | Reached skill level 7 in Axes
  5405 | D:6      | 5405 ||| READING scroll labelled CUBAJU ZUHAW.
  5407 | D:6      | 5407 ||| READING scroll labelled ETINNA RAFUUH.
  5409 | D:6      | 5409 ||| INVOKING Heroism.
  5410 | D:6      | 5410 ||| READING 2 scrolls labelled FIWUGU KISCH.
  5411 | D:6      | 5411 ||| READING scroll of enchant weapon.
  5411 | D:6      | 5411 ||| ENCHANTING +1 war axe of electrocution.
  5412 | D:6      | 5412 ||| READING 3 scrolls of identify.
  5412 | D:6      | 5412 ||| IDENTIFYING red potion
  5413 | D:6      | 5413 ||| READING 2 scrolls of identify.
  5413 | D:6      | 5413 ||| IDENTIFYING fizzy red potion
  5414 | D:6      | 5414 ||| DROPPING wand of acid (7).
  5590 | D:6      | 5590 ||| Stepping ~*~*~tactically~*~*~ (cloud).
  5591 | D:6      | 5591 ||| Stepping ~*~*~tactically~*~*~ (cloud).
  5692 | D:6      | 5692 ||| INVOKING Heroism.
  5751 | D:6      | 5751 ||| INVOKING Heroism.
  5759 | D:6      | Reached skill level 1 in Dodging
  5862 | D:6      | Reached skill level 3 in Invocations
  5911 | D:6      | 5911 ||| INVOKING Heroism.
  5956 | D:6      | Found an opulent altar of Gozag.
  6025 | D:6      | Reached XP level 9. HP: 54/54 MP: 11/11
  6060 | D:6      | Found a shimmering altar of Xom.
  6141 | D:6      | 6141 ||| INVOKING Heroism.
  6145 | D:6      | Found an ancient bone altar of Kikubaaqudgha.
  6145 | D:6      | Found a broken altar of Ashenzari.
  6311 | D:7      | 6311 ||| Stepping ~*~*~tactically~*~*~ (hiding).
  6433 | D:7      | Found a burning altar of Makhleb.
  6441 | D:7      | 6441 ||| Stepping ~*~*~tactically~*~*~ (hiding).
  6448 | D:7      | 6448 ||| INVOKING Heroism.
  6598 | D:7      | Noticed Pikel
  6599 | D:7      | 6599 ||| INVOKING Heroism.
  6612 | D:7      | Killed Pikel
  6613 | D:7      | Reached skill level 8 in Axes
  6765 | D:7      | Found a sparkling altar of Nemelex Xobeh.
  6765 | D:7      | Found a transporter.
  6765 | D:7      | Noticed a komodo dragon
  6765 | D:7      | Noticed a centaur warrior
  6852 | D:7      | Noticed a two-headed ogre
  6853 | D:7      | 6853 ||| INVOKING Heroism.
  6867 | D:7      | Killed a two-headed ogre
  6892 | D:7      | 6892 ||| Stepping ~*~*~tactically~*~*~ (hiding).
  6896 | D:7      | 6896 ||| INVOKING Heroism.
  6898 | D:7      | 6898 ||| Stepping ~*~*~tactically~*~*~ (hiding).
  6930 | D:7      | Reached skill level 1 in Throwing
  7032 | D:7      | 7032 ||| INVOKING Heroism.
  7037 | D:7      | Reached XP level 10. HP: 34/64 MP: 10/13
  7145 | D:7      | 7145 ||| Stepping ~*~*~tactically~*~*~ (hiding).
  7146 | D:7      | 7146 ||| Stepping ~*~*~tactically~*~*~ (hiding).
  7214 | D:7      | 7214 ||| UPGRADING to +0 helmet.
  7219 | D:7      | 7219 ||| UPGRADING to ring of positive energy.
  7278 | D:8      | 7278 ||| INVOKING Heroism.
  7295 | D:8      | Found a staircase to the Lair.
  7305 | D:8      | 7305 ||| Stepping ~*~*~tactically~*~*~ (hiding).
  7315 | D:8      | Reached ** piety under Okawaru
  7319 | D:8      | 7319 ||| INVOKING Heroism.
  7489 | D:8      | 7489 ||| DROPPING +0 morningstar.
  7497 | D:8      | 7497 ||| READING scroll of brand weapon.
  7497 | D:8      | 7497 ||| BRANDING +2 war axe of electrocution.
  7541 | D:8      | Noticed a cyclops
  7542 | D:8      | 7542 ||| INVOKING Heroism.
  7544 | D:8      | Reached skill level 9 in Axes
  7544 | D:8      | 7544 ||| Stepping ~*~*~tactically~*~*~ (water).
  7555 | D:8      | Killed a cyclops
  7598 | D:8      | Found a flagged portal.
  7647 | D:8      | Found a stormy altar of Qazlal.
  7712 | D:8      | Noticed a two-headed ogre
  7713 | D:8      | 7713 ||| INVOKING Heroism.
  7719 | D:8      | Killed a two-headed ogre
  7719 | D:8      | Reached *** piety under Okawaru
  7720 | D:8      | Reached skill level 9 in Shields
  7935 | D:8      | 7935 ||| PLANNING LAIR
  7935 | D:8      | 7935 ||| UPGRADING to +2 kite shield of cold resistance.
  7945 | D:8      | 7945 ||| DROPPING +0 kite shield.
  7982 | Lair:1   | Entered Level 1 of the Lair of Beasts
  8045 | Lair:1   | 8045 ||| Stepping ~*~*~tactically~*~*~ (stealth).
  8047 | Lair:1   | 8047 ||| INVOKING Heroism.
  8064 | Lair:1   | Reached skill level 6 in Armour
  8073 | Lair:1   | 8073 ||| INVOKING Heroism.
  8138 | Lair:1   | 8138 ||| Stepping ~*~*~tactically~*~*~ (stealth).
  8145 | Lair:1   | Reached XP level 11. HP: 51/68 MP: 14/14
  8362 | Lair:1   | 8362 ||| INVOKING Heroism.
  8370 | Lair:1   | Reached skill level 10 in Axes
  8399 | Lair:1   | 8399 ||| INVOKING Heroism.
  8438 | Lair:1   | 8438 ||| Stepping ~*~*~tactically~*~*~ (stealth).
  8442 | Lair:1   | 8442 ||| INVOKING Heroism.
  8830 | Lair:1   | 8830 ||| INVOKING Heroism.
  8854 | Lair:1   | 8854 ||| Stepping ~*~*~tactically~*~*~ (stealth).
  8858 | Lair:1   | 8858 ||| Stepping ~*~*~tactically~*~*~ (stealth).
  8930 | Lair:1   | 8930 ||| INVOKING Heroism.
  8937 | Lair:1   | Reached skill level 11 in Axes
  8977 | Lair:1   | 8977 ||| INVOKING Heroism.
  9407 | Lair:1   | 9407 ||| READING scroll labelled GURION EVUGODE.
  9436 | Lair:2   | Noticed a six-headed hydra
  9437 | Lair:2   | 9437 ||| INVOKING Heroism.
  9442 | Lair:2   | 9442 ||| SWAPPING to +3 morningstar.
  9446 | Lair:2   | Killed a six-headed hydra
  9446 | Lair:2   | Reached **** piety under Okawaru
  9447 | Lair:2   | 9447 ||| SWAPPING to +2 spectral war axe.
  9583 | Lair:2   | 9583 ||| Stepping ~*~*~tactically~*~*~ (hiding).
  9774 | Lair:2   | 9774 ||| INVOKING Heroism.
  9838 | Lair:2   | 9838 ||| INVOKING Heroism.
 10047 | Lair:2   | 10047 ||| INVOKING Heroism.
 10533 | Lair:2   | 10533 ||| READING scroll labelled ASUNLI ILORIOF.
 10617 | Lair:3   | Noticed an oklob plant
 10618 | Lair:3   | 10618 ||| INVOKING Heroism.
 10625 | Lair:3   | Killed an oklob plant
 10626 | Lair:3   | Reached skill level 9 in Fighting
 10764 | Lair:3   | Noticed Amaemon
 10765 | Lair:3   | 10765 ||| INVOKING Heroism.
 10774 | Lair:3   | Killed Amaemon
 10775 | Lair:3   | Reached skill level 6 in Invocations
 10788 | Lair:3   | Reached XP level 12. HP: 72/76 MP: 16/16
 10802 | Lair:3   | 10802 ||| DROPPING +3 morningstar.
 10832 | Lair:3   | 10832 ||| Stepping ~*~*~tactically~*~*~ (stealth).
 10834 | Lair:3   | 10834 ||| Stepping ~*~*~tactically~*~*~ (hiding).
 10880 | Lair:3   | 10880 ||| Stepping ~*~*~tactically~*~*~ (stealth).
 10889 | Lair:3   | Reached ***** piety under Okawaru
 10925 | Lair:3   | 10925 ||| Stepping ~*~*~tactically~*~*~ (stealth).
 11011 | Lair:3   | Received a gift from Okawaru
 11056 | Lair:3   | Noticed a death yak
 11056 | Lair:3   | Noticed a death yak
 11056 | Lair:3   | Noticed a death yak
 11056 | Lair:3   | Noticed a death yak
 11057 | Lair:3   | 11057 ||| Stepping ~*~*~tactically~*~*~ (stealth).
 11058 | Lair:3   | Noticed a death yak
 11059 | Lair:3   | 11059 ||| Stepping ~*~*~tactically~*~*~ (stealth).
 11060 | Lair:3   | 11060 ||| INVOKING Heroism.
 11061 | Lair:3   | 11061 ||| INVOKING Finesse.
 11065 | Lair:3   | Killed a death yak
 11071 | Lair:3   | Killed a death yak
 11074 | Lair:3   | Noticed a death yak
 11077 | Lair:3   | Killed a death yak
 11078 | Lair:3   | Reached skill level 3 in Throwing
 11085 | Lair:3   | Killed a death yak
 11086 | Lair:3   | Reached skill level 12 in Axes
 11091 | Lair:3   | Killed a death yak
 11092 | Lair:3   | Reached skill level 9 in Invocations
 11102 | Lair:3   | Killed a death yak
 11293 | Lair:3   | Noticed a seven-headed hydra
 11294 | Lair:3   | 11294 ||| INVOKING Heroism.
 11295 | Lair:3   | 11295 ||| INVOKING Finesse.
 11300 | Lair:3   | 11300 ||| SWAPPING to +0 demon whip of venom.
 11307 | Lair:3   | Killed a seven-headed hydra
 11308 | Lair:3   | 11308 ||| SWAPPING to +2 spectral war axe.
 11510 | Lair:3   | You fall into a shaft and drop 2 floors!
 11510 | Lair:5   | Entered Level 5 of the Lair of Beasts
 11555 | Lair:4   | Found a stormy altar of Qazlal.
 11556 | Lair:4   | 11556 ||| INVOKING Heroism.
 11563 | Lair:4   | Reached XP level 13. HP: 71/80 MP: 17/20
 11567 | Lair:4   | Received a gift from Okawaru
 11608 | Lair:4   | 11608 ||| DROPPING +1 broad axe of electrocution.
 11615 | Lair:4   | 11615 ||| INVOKING Heroism.
 11701 | Lair:4   | Noticed Rupert
 11702 | Lair:4   | 11702 ||| INVOKING Heroism.
 11703 | Lair:4   | 11703 ||| INVOKING Finesse.
 11715 | Lair:4   | Slain by Rupert

Levels and vault maps discovered:
D:1:      lemuel_arrival_tunnels, layout_rooms, grunt_decor_resistance,
          minmay_small_reverse_x
D:2:      layout_loops_corners, uniq_jessica, uniq_terence
D:3:      layout_loops_corners, mainiacjoe_overflow_alcove_4,
          mainiacjoe_overflow_alcove_1, guppyfry_early_lair_pool,
          uniq_crazy_yiuf_cottage
D:4:      layout_rooms, minmay_temple_entry_stoned_glass
D:5:      layout_layer_cave, dreamdust_divine_triumvirate, st_stairs_7,
          ebering_dispersal_statue_hall
D:6:      layout_cave_pods, xom_butterflies, mainiacjoe_overflow_chevrons,
          grunt_gozag_statues, nicolae_overflow_two_pavilions, serial_undead,
          serial_undead_b, serial_undead_b, serial_undead_e, serial_undead_c,
          serial_shops, shop
D:7:      layout_cave_pools, grunt_nemelex_the_gamble,
          mainiacjoe_overflow_24_doors, uniq_pikel
D:8:      layout_cave_pools, nicolae_qazlal_beasts_of_the_sky, lair_entry_dummy,
          enter_bailey_4
Lair:1:   layout_layer_cave, nicolae_lair_grove_arrangements
Lair:2:   layout_cave_pods, lemuel_fruit_tree
Lair:3:   layout_roguey, shoals_dummy_entry, spider_nest_entry_funnel_web,
          nicolae_quartered_pool_little, grunt_forest_large_clearings,
          uniq_amaemon
Lair:4:   layout_cellular_growth, lemuel_altar_in_water2,
          infiniplex_staircase_pool, uniq_rupert, uniq_nessos
Lair:5:   hangedman_lair_caniforms_friends, layout_misc_corridors,
          slime_entry_1, columned_hall_lemuel, chequers_serial_rivers_room_b,
          infiniplex_staircase_pool_2

Skill      XL: |  1  2  3  4  5  6  7  8  9 10 11 12 13 |
---------------+----------------------------------------+-----
Axes           | 2 3 4 5 6 7 8 9 11 12 | 12.3
Fighting       | 4 5 7 9 10 | 10.0
Shields        | 5 6 7 9 10 | 10.9
Invocations    | 1 3 4 6 10 | 10.0
Dodging        | 1 2 |  2.0
Armour         | 4 6 7 8 |  8.0
Throwing       | 1 3 |  3.2

Action                     |  1- 3 |  4- 6 |  7- 9 | 10-12 | 13-15 || total
---------------------------+-------+-------+-------+-------+-------++-------
  Melee: War axe           |    99 |   199 |   248 |   318 |    30 ||   894
         Morningstar       |       |       |       |     4 |       ||     4
         Demon whip        |       |       |       |     7 |       ||     7
  Throw: Boomerang         |       |     7 |       |    80 |    16 ||   103
         Javelin           |       |       |       |     6 |       ||     6
 Invoke: Heroism           |       |       |    11 |    21 |     2 ||    34
         Finesse           |       |       |       |     2 |     1 ||     3
    Use: Scroll            |     5 |     4 |    12 |     3 |       ||    24
         Potion            |       |     4 |     2 |       |       ||     6
   Stab: Distracted        |       |       |       |     9 |       ||     9
 Armour: Scale mail        |    63 |    35 |       |       |       ||    98
         Chain mail        |       |    56 |       |       |       ||    56
         Plate armour      |       |    21 |    98 |   128 |     5 ||   252
  Dodge: Dodged            |    53 |    58 |    34 |    57 |     5 ||   207
  Block: Buckler           |    23 |    71 |       |       |       ||    94
         Reflection        |       |     1 |     2 |     9 |       ||    12
         Kite shield       |       |    22 |   183 |   255 |    14 ||   474

Table legend:
 A = Non-vault XP
 B = Vault XP
 C = Vault XP percentage of total XP
 D = Non-vault monster count
 E = Vault monster count
 F = Vault count percentage of total count
                 A         B        C        D         E       F
            +---------+---------+-------+---------+---------+-------
      Total |   29673 |    5518 |  15.7 |     263 |      49 |  15.7
            +---------+---------+-------+---------+---------+-------
        D:1 |      46 |       6 |  11.5 |      25 |       4 |  13.8
        D:2 |      53 |      75 |  58.6 |      21 |       2 |   8.7
        D:3 |     186 |       0 |   0.0 |      37 |       0 |   0.0
        D:4 |     436 |       0 |   0.0 |      19 |       0 |   0.0
        D:5 |     212 |      86 |  28.9 |      13 |       2 |  13.3
        D:6 |    1028 |     304 |  22.8 |      21 |       6 |  22.2
        D:7 |    1746 |     629 |  26.5 |      21 |       1 |   4.5
        D:8 |    2643 |     138 |   5.0 |      34 |       6 |  15.0
     Lair:1 |    5413 |       0 |   0.0 |      18 |       0 |   0.0
     Lair:2 |    3594 |       0 |   0.0 |      16 |       0 |   0.0
     Lair:3 |    7946 |    4280 |  35.0 |      15 |      28 |  65.1
     Lair:4 |    3519 |       0 |   0.0 |      12 |       0 |   0.0
     Lair:5 |    2851 |       0 |   0.0 |      11 |       0 |   0.0
            +---------+---------+-------+---------+---------+-------
